 Dungeon Crawl Stone Soup version 0.24-a0-183-g8902462 (console) character file.

Game seed: 2972190543003558292

830 Duffy the Insei (level 7, -3/46 HPs)
             Began as an Octopode Transmuter on Mar 15, 2019.
             Killed by divine providence
             ... invoked by an orc priest
              (15 damage)
             ... on level 6 of the Dungeon.
             The game lasted 00:07:35 (5721 turns).

Duffy the Insei (Octopode Transmuter)               Turns: 5721, Time: 00:07:37

Health: -3/46      AC:  5    Str: 10    XL:     7   Next: 97%
Magic:  10/12      EV: 21    Int: 17    God:
Gold:   423        SH:  0    Dex: 17    Spells: 4/13 levels left

rFire    . . .     SeeInvis .     - Unarmed
rCold    . . .     Gourm    .   (shield currently unavailable)
rNeg     . . .     Faith    .   (helmet currently unavailable)
rPois    x         Spirit   .   (no amulet)
rElec    .         Reflect  .   f - +3 ring of protection
rCorr    .         Harm     .   h - +2 ring of slaying
MR       .....                  m - ring of stealth
Stlth    +++.......             (no ring)
HPRegen  0.15/turn              (no ring)
MPRegen  0.13/turn              (no ring)
                                (no ring)
                                (no ring)

@: spider-form (expiring)
A: tiny, almost no armour, stealthy swim, (amphibious), 8 rings, (constrict 8)
a: End Transformation


You were on level 6 of the Dungeon.
You were hungry.
You were a venomous arachnid creature.
You visited 1 branch of the dungeon, and saw 6 of its levels.
You also visited: Ossuary.

You collected 423 gold pieces.

Inventory:

Hand Weapons
 o - a +0 blowgun
Missiles
 a - 29 arrows
Jewellery
 f - a +3 ring of protection (left front leg)
 h - a +2 ring of slaying (right front leg)
 m - a ring of stealth (on tentacle)
Wands
 u - a wand of paralysis (8)
Scrolls
 b - 2 scrolls of remove curse
 d - a scroll of teleportation
 i - 2 scrolls of blinking
 l - a scroll of enchant armour
Potions
 e - 3 potions of flight
 g - 3 potions of resistance
 j - a potion of mutation {unknown}
 n - 2 potions of brilliance
 p - a potion of heal wounds {unknown}
 q - a potion of magic {unknown}
 r - 2 potions of curing {unknown}
 s - 4 potions of haste {unknown}
 t - a potion of might {unknown}
Comestibles
 c - 7 rations
 k - a chunk of flesh


   Skills:
 - Level 3.3 Fighting
 + Level 3.4 Dodging
 + Level 5.8 Unarmed Combat
 + Level 3.8 Spellcasting
 + Level 4.1 Transmutations
 - Level 2.0 Poison Magic


You had 4 spell levels left.
You knew the following spells:

 Your Spells              Type           Power        Failure   Level  Hunger
h - Spider Form           Tmut/Pois      ##........   32%         3    ###....
j - Ice Form              Ice/Tmut       ##......     77%         4    ####...
n - Sticks to Snakes      Tmut           ###.....     14%         2    ##.....

Your spell library contained the following spells:

 Spells                   Type           Power        Failure   Level  Hunger
 Beastly Appendage        Tmut           ###...       11%         1    None
 Blade Hands              Tmut           ###.......   82%         5    ######.


Dungeon Overview and Level Annotations

Branches:
Dungeon (6/15)             Temple (0/1) D:6

Altars:
Makhleb
Zin
The Shining One


Innate Abilities, Weirdness & Mutations

You cannot wear most types of armour.
You are very stealthy in the water. (Stealth+)
((You are amphibious.))
You can wear up to eight rings at the same time.
((You can use your tentacles to constrict eight enemies at once.))
((Your skin changes colour to match your surroundings (Stealth+).))
((Your rubbery body absorbs attacks. (AC +1, EV +1)))


Message History

The orc wizard gestures at you while chanting.
The magic dart hits you! The orc wizard misses you.
You hit the orc priest.
The orc priest is moderately wounded.
The orc priest invokes the aid of Beogh against you.
Beogh smites you!
The orc wizard mumbles some strange words.
The orc wizard blinks!
You hear a shout!
You are too injured to fight recklessly!
You are too injured to fight recklessly!
You are too injured to fight recklessly!
You bite the orc priest!
The orc priest is almost dead.
You hear a shout!
The orc wizard points at you and mumbles some strange words.
The magic dart hits you.
The orc priest invokes the aid of Beogh against you.
Beogh smites you!
You die...

*,* #.,*#.o..........,,,***
*,***###..*#.#.(........,,,*,,
*,**,.....##...##.###...,,,*,*
*,**,*#........##.# *,,.,,,,,*
*,**,*#####.......# **********
**,**,* #o##.####* *,,**,*
#..#.#,,,* *** **,**,*
#o0#.#,*,* *,* *,,*,*
##s#.#,*,*** *,** **,*,*
#.#.#,*,,,******,,,
*,*,*######.#.#,***,*,,,,*,**
*,*,*#..)).!#,,,,,*,*,**,*,*
#.#.##<######**,*,*,*,**,*,**
#......#*******,*,*,*,*,,,,,,
###...........,,,,*,*,*,,*,,,
####.#######*,,,,,,,,,,,,,*
#.# #<###**+******,**,*


You could see an orc priest and an orc wizard.

Vanquished Creatures
  An orc warrior (D:6)
  An ogre (D:4)
  Blork the orc (D:3)
  A scorpion (D:4)
  A howler monkey (D:4)
  A jelly (D:4)
  An orc priest (D:6)
  An iguana (D:4)
  2 worker ants
  8 mummies (Ossuary)
  Robin (D:1)
  A gnoll (D:2)
  7 adders
  An ooze (D:1)
  An adder zombie (D:5)
  2 worms
  5 dart slugs
  3 leopard geckos
  8 orcs
  5 giant cockroaches
  2 gnoll zombies (Ossuary)
  13 goblins
  5 hobgoblins
  10 jackals
  5 quokkas
  4 bats
  3 frilled lizards
  2 hobgoblin zombies (Ossuary)
  2 jackal skeletons (D:4)
  4 kobolds
  4 kobold zombies (Ossuary)
  A quokka skeleton (D:4)
  2 quokka zombies (D:5)
  10 rats
119 creatures vanquished.

Vanquished Creatures (collateral kills)
  An ogre (D:3)
1 creature vanquished.

Grand Total: 120 creatures vanquished

Notes
Turn   | Place    | Note
-------+----------+-------------------------------------------
     0 | D:1      | Duffy the Octopode Transmuter began the quest for the Orb.
     0 | D:1      | Reached XP level 1. HP: 13/13 MP: 3/3
    56 | D:1      | Reached XP level 2. HP: 8/18 MP: 5/5
   223 | D:1      | Learned a level 2 spell: Sticks to Snakes
   748 | D:2      | Noticed Robin
   750 | D:2      | Reached XP level 3. HP: 23/23 MP: 6/6
   817 | D:1      | Killed Robin
  1026 | D:2      | Learned a level 3 spell: Spider Form
  1077 | D:2      | Reached XP level 4. HP: 28/28 MP: 6/8
  1294 | D:2      | Reached skill level 1 in Poison Magic
  1829 | D:2      | Reached skill level 4 in Unarmed Combat
  1829 | D:2      | Reached XP level 5. HP: 33/33 MP: 9/9
  2130 | D:3      | Found a burning altar of Makhleb.
  2185 | D:3      | Found a glowing golden altar of the Shining One.
  2778 | D:3      | Found a glowing silver altar of Zin.
  2896 | D:4      | Found a sand-covered staircase.
  2906 | Ossuary  | Entered an ossuary
  3420 | Ossuary  | Reached XP level 6. HP: 32/41 MP: 10/10
  3493 | Ossuary  | Learned a level 4 spell: Ice Form
  3894 | D:3      | Reached skill level 5 in Unarmed Combat
  4367 | D:4      | Noticed Blork the orc
  4393 | D:3      | Killed Blork the orc
  4476 | D:4      | Reached XP level 7. HP: 46/46 MP: 8/11
  4887 | D:4      | You fall through a shaft!
  4887 | D:5      | Entered Level 5 of the Dungeon
  5721 | D:6      | Killed from afar by an orc priest

Levels and vault maps discovered:
D:1:      dpeg_arrival_arbitrary_b, layout_rooms
D:2:      minmay_door_path, layout_loops_ring, first_ration, uniq_robin
D:3:      layout_basic, overflow_temple_1_default, lemuel_round_altar,
          nicolae_overflow_hidden_temple, lemuel_coloured_pillars_altar,
          kennysheep_decorative_pillar, serial_bayou_ford_a
D:4:      layout_cave_pools, enter_ossuary_1, uniq_blork_the_orc
D:5:      layout_rooms, grunt_temple_overflow_opulence, lemuel_round_altar
D:6:      kennysheep_housing_project, layout_basic, kennysheep_little_box,
          minmay_temple_entry_junction, uniq_pikel
Ossuary:  ossuary_tomb_3

Skill      XL: |  1  2  3  4  5  6  7 |
---------------+----------------------+-----
Poison Magic   | 1 2 |  2.0
Unarmed Combat | 4 5 |  5.8
Fighting       | 2 3 |  3.3
Transmutations | 3 4 |  4.1
Spellcasting   | 3 |  3.8
Dodging        | 3 |  3.4

Action                   |  1- 3 |  4- 6 |  7- 9 || total
-------------------------+-------+-------+-------++-------
Melee: Unarmed           |    65 |   188 |    55 ||   308
       Constrict         |    18 |    46 |     5 ||    69
       Tentacles         |    11 |    23 |     3 ||    37
       Punch             |       |     4 |     1 ||     5
 Cast: Spider Form       |       |     4 |     8 ||    12
       Sticks to Snakes  |       |     2 |       ||     2
  Use: Scroll            |       |       |     9 ||     9
 Stab: Sleeping          |     3 |    14 |       ||    17
  Eat: Chunk             |       |    12 |     4 ||    16
Armor: Skin              |     8 |    26 |     6 ||    40
Dodge: Dodged            |    39 |   144 |    57 ||   240

Table legend:
 A = Non-vault XP
 B = Vault XP
 C = Vault XP percentage of total XP
 D = Non-vault monster count
 E = Vault monster count
 F = Vault count percentage of total count
                 A         B        C        D         E       F
            +---------+---------+-------+---------+---------+-------
      Total |     892 |     294 |  24.8 |      92 |      28 |  23.3
            +---------+---------+-------+---------+---------+-------
        D:1 |      32 |      19 |  37.3 |      14 |       3 |  17.6
        D:2 |      90 |      28 |  23.7 |      24 |       8 |  25.0
        D:3 |     165 |      94 |  36.3 |      19 |       1 |   5.0
        D:4 |     395 |       0 |   0.0 |      24 |       0 |   0.0
        D:5 |      34 |       0 |   0.0 |       5 |       0 |   0.0
        D:6 |     176 |       0 |   0.0 |       6 |       0 |   0.0
    Ossuary |       0 |     153 | 100.0 |       0 |      16 | 100.0
            +---------+---------+-------+---------+---------+-------
